 Dungeon Crawl Stone Soup version 0.31-a0-18-gea43df2a32 (webtiles) character file.

Game seed: 9716144960788641006

359 funkygono the Chopper (level 6, -5/56 HPs)
             Began as a Minotaur Fighter on May 10, 2023.
             Slain by an ogre
             ... wielding a +0 giant spiked club
              (16 damage)
             ... on level 3 of the Dungeon.
             The game lasted 00:02:56 (2815 turns).

funkygono the Chopper (Minotaur Fighter)            Turns: 2815, Time: 00:02:56

Health: -5/56      AC:  7    Str: 23    XL:     6   Next: 37%
Magic:  5/5        EV: 10    Int:  5    God:
Gold:   144        SH:  4    Dex:  9    Spells: 5/5 levels left

rFire   . . .        a - +0 war axe
rCold   . . .        c - +0 buckler
rNeg    . . .        b - +0 scale mail
rPois   .            (helmet restricted)
rElec   .            (no cloak)
rCorr   .            (no gloves)
SInv    .            (no boots)
Will    .....        (no amulet) Stlth
                     (no ring)
HPRegen 0.29/turn    (no ring)
MPRegen 0.09/turn

%: no passive effects
@: no status effects
A: horns 2, retaliatory headbutt
a: no special abilities


You were on level 3 of the Dungeon.
You visited 1 branch of the dungeon, and saw 3 of its levels.

You collected 144 gold pieces.

Inventory:

Hand Weapons
 a - a +0 war axe (weapon)
Armour
 b - a +0 scale mail (worn)
 c - a +0 buckler (worn)
Wands
 k - a wand of flame (9)
Scrolls
 g - a scroll of magic mapping {unknown}
 h - 3 scrolls of identify {unknown}
 i - 2 scrolls of amnesia {unknown}
 l - a scroll of teleportation {unknown}
Potions
 d - 2 potions of might
 e - 6 potions of curing
 f - 3 potions of flight {unknown}
 j - 2 potions of berserk rage {unknown}
 m - a potion of brilliance {unknown}


   Skills:
 + Level 5.0 Fighting
 + Level 5.7 Axes
 + Level 5.1 Armour
 + Level 1.7 Dodging
 + Level 4.0 Shields


You had 5 spell levels left.
You didn't know any spells.
Your spell library contained the following spells:

 Spells                   Type           Power      Damage    Failure   Level
 Dazzling Flash           Conj/Hex       0%         N/A       99%         3
 Frozen Ramparts          Ice            0%         1d1       99%         3
 Ice Form                 Ice/Tmut       0%         N/A       100%        4
 Summon Ice Beast         Ice/Summ       0%         N/A       100%        4
 Agony                    Necr           0%         N/A       100%        5
 Fireball                 Conj/Fire      0%         3d3       100%        5
 Iskenderun's Battlesphe  Conj           0%         2d6       100%        5
 Silence                  Hex/Air        0%         N/A       100%        5
 Conjure Ball Lightning   Conj/Air       0%         3x3d6     100%        6
 Orb of Destruction       Conj           0%         9d5       100%        7


Dungeon Overview and Level Annotations

Branches:
Dungeon (3/15)

Altars:
Ru


Innate Abilities, Weirdness & Mutations

You have a pair of horns on your head.
You reflexively headbutt those who attack you in melee.


Message History

You start resting.
An orc comes into view. It is wielding a +0 club.
The orc shouts!
Things that are here:
a +0 trident; a +0 leather armour You barely miss the orc.
The orc closely misses you.
You barely miss the orc. The orc hits you with a +0 club.
The orc hits you but does no damage.
You slash the orc!
You kill the orc!
Things that are here:
a +0 club; an orc corpse You start resting.
HP restored.
Things that are here:
a +0 trident; a +0 leather armour
Things that are here:
a +0 short sword; a +0 dagger You see here a rat corpse.
Things that are here:
a +0 dagger; a +0 robe; an orc corpse
Things that are here:
a +0 whip; an orc corpse
Things that are here:
a +0 club; an orc corpse An ogre comes into view.
It is wielding a +0 giant spiked club.
The ogre hits you with a +0 giant spiked club!
You see here 9 gold pieces.
You slash the ogre!
The ogre is heavily wounded.
You block the ogre's attack.
You hit the ogre.
The ogre is heavily wounded.
The ogre hits you with a +0 giant spiked club!!
Ouch! That really hurt!
* * * LOW HITPOINT WARNING * * *
You slash the ogre!
The ogre is severely wounded.
The ogre hits you with a +0 giant spiked club!
You die...

###############
#...@.........#
#.#O#########.#
... #.# #...
#.# #... #.#
..#. #.# ####.
#.# #. #.# ##+#
#.#


You could see an ogre.

Vanquished Creatures
  Sigmund (D:3)
  An orc priest (D:3)
  Jessica (D:2)
  An orc wizard (D:3)
  4 adders
  A worm (D:2)
  A dart slug (D:1)
  3 orcs (D:3)
  7 endoplasms
  6 giant cockroaches
  8 goblins
  9 hobgoblins
  6 jackals (D:1)
  3 quokkas
  6 ball pythons
  4 bats
  2 frilled lizards
  6 kobolds
  6 rats
76 creatures vanquished.

Notes
Turn   | Place    | Note
-------+----------+-------------------------------------------
     0 | D:1      | funkygono the Minotaur Fighter began the quest for the Orb.
     0 | D:1      | Reached XP level 1. HP: 19/19 MP: 0/0
   137 | D:1      | Reached XP level 2. HP: 27/27 MP: 1/1
   473 | D:1      | Reached XP level 3. HP: 33/33 MP: 2/2
   721 | D:1      | Found a faded altar of an unknown god.
  1215 | D:2      | Reached skill level 1 in Dodging
  1304 | D:2      | Noticed Jessica
  1307 | D:2      | Killed Jessica
  1308 | D:2      | Reached XP level 4. HP: 17/40 MP: 3/3
  2228 | D:3      | Found a sacrificial altar of Ru.
  2369 | D:3      | Reached XP level 5. HP: 47/47 MP: 4/4
  2382 | D:3      | Noticed Sigmund
  2398 | D:3      | Killed Sigmund
  2399 | D:3      | Reached skill level 5 in Axes
  2399 | D:3      | Reached skill level 5 in Armour
  2399 | D:3      | Reached XP level 6. HP: 22/55 MP: 5/5
  2639 | D:3      | Reached skill level 5 in Fighting
  2815 | D:3      | Slain by an ogre

Illustrated notes

Levels and vault maps discovered:
D:1:      dpeg_arrival_three_same_balls, layout_basic,
          chequers_ecumenical_altar_island, minmay_misc_feat_four_crosses
D:2:      layout_loops_corners, nicolae_figureground_sparkle, uniq_jessica
D:3:      layout_loops_corners, lemuel_round_altar, chequers_mini_garden,
          uniq_sigmund

Skill      XL: |  1  2  3  4  5  6 |
---------------+-------------------+-----
Armour         | 4 5 |  5.1
Fighting       | 4 5 |  5.0
Axes           | 3 4 5 |  5.7
Dodging        | 1 |  1.7
Shields        | 4 |  4.0

Action                     |  1- 3 |  4- 6 || total
---------------------------+-------+-------++-------
  Melee: War axe           |    83 |    77 ||   160
         Headbutt          |    13 |    13 ||    26
    Use: Scroll            |       |     1 ||     1
 Armour: Scale mail        |    43 |    24 ||    67
  Dodge: Dodged            |    33 |    43 ||    76
  Block: Buckler           |    17 |    18 ||    35

Table legend: (Time is in decaauts)
 A = Elapsed time spent in this place.
 B = Non-inter-level travel time spent in this place.
 C = Inter-level travel time spent in this place.
 D = Time resting spent in this place.
 E = Time spent auto-exploring this place.
 F = Levels seen in this place.
 G = Mean time per level.
                   A        B        C        D        E       F      G
               +--------+--------+--------+--------+--------+-----+--------+
         Total |   2874 |   2801 |     73 |    218 |   2089 |   3 |  958.0 |
       Dungeon |   2874 |   2801 |     73 |    218 |   2089 |   3 |  958.0 |
               +--------+--------+--------+--------+--------+-----+--------+

Top non-repeatable levels by time:
     D:2: 1085 daAuts
     D:1: 950 daAuts
     D:3: 837 daAuts
